Map: Emerald City LE

Players

qqq

  • Race: Zerg Zerg
  • League: Platinum
  • Spawn Location: 11:00

Massa

  • Race: Terran Terran
  • League: Platinum
  • Spawn Location: 11:00

teryagov - Winner!

  • Race: Terran Terran
  • League: Master
  • Spawn Location: 5:00

Zilord - Winner!

  • Race: Zerg Zerg
  • League: Diamond
  • Spawn Location: 5:00

VOD

Have the link to the VOD?

Description

Time

  • Played on: Jan. 5, 2021, 5:03 p.m.
  • Length: 17:23
Show
View Real Time Build Order
Export as new Build Order

qqq Zerg 

Build Orders: Hatch First 

Get SALT Encoding   

  12  0:00  Drone  
  13  0:08  Drone  
  14  0:18  Overlord  
  14  0:46  Hatchery  
  13  0:50  Drone  
  13  0:53  Drone  
  15  0:58  Drone  
  17  1:04  Drone  
  17  1:15  Drone  
  18  1:30  Extractor, Spawning Pool  
  16  1:34  Drone x2  
  18  2:11  Drone  
  18  2:12  Drone x2  
  20  2:24  Queen  
  20  2:25  Queen  
  20  2:26  Drone  
  20  2:27  Drone x2  
  20  2:29  Overlord  
  27  2:39  Drone, Roach Warren  
  27  2:41  Zergling x2  
  28  2:48  Overlord  
  28  2:50  Drone  
  29  2:55  Metabolic Boost  
  29  3:00  Zergling x2  
  29  3:01  Zergling x2  
  31  3:10  Drone  
  32  3:16  Zergling x2  
  33  3:23  Drone  
  33  3:26  Roach  
  36  3:30  Hatchery  
  35  3:35  Drone  
  35  3:37  Roach  
  35  3:38  Roach  
  40  3:53  Roach  
  40  3:54  Roach  
  44  3:56  Overlord  
  44  3:57  Overlord x2  
  44  4:14  Zergling x2  
  45  4:18  Drone  
  45  4:19  Drone  
  47  4:27  Roach  
  47  4:28  Roach  
  47  4:29  Drone  
  52  4:39  Lair  
  48  5:01  Zergling x6  
  48  5:02  Drone x4  
  48  5:03  Drone  
  56  5:07  Drone  
  56  5:09  Queen  
  56  5:11  Queen  
  61  5:23  Drone x2  
  67  5:28  Roach x3  
  67  5:29  Drone x2  
  67  5:35  Drone  
  62  5:57  Roach x4  
  62  5:59  Drone x4  
  62  6:03  Extractor  
  65  6:35  Drone x3  
  65  6:36  Drone x5  
  65  6:37  Drone  
  65  6:38  Overlord x4  
  74  6:43  Extractor  
  74  6:44  Extractor  
  72  6:54  Drone x2  
  72  7:00  Drone x2  
  76  7:01  Hatchery  
  75  7:09  Drone x2  
  75  7:10  Drone x2, Hatchery  
  75  7:14  Zergling x2  
  75  7:15  Zergling x4  
  81  7:16  Hatchery, Zergling x8  
  81  7:18  Hatchery  
  81  7:24  Hatchery  
  80  7:31  Drone x2  
  80  7:34  Zergling x2  
  83  7:40  Zergling x6  
  83  7:41  Drone x2, Zergling x2  
  83  7:42  Drone x3  
  92  7:45  Extractor x2  
  90  8:01  Roach  
  90  8:02  Drone x3  
  90  8:03  Drone  
  96  8:11  Infestation Pit  
  86  8:27  Spire  
  86  8:29  Hatchery, Spore Crawler  
  86  8:30  Spore Crawler  
  86  8:33  Overlord x3  
  82  8:34  Drone x2  
  82  8:35  Drone x7  
  82  8:38  Queen  
  82  8:39  Drone  
  94  8:54  Drone  
  94  8:55  Drone x6  
  101  9:06  Spore Crawler  
  101  9:08  Spore Crawler  
  99  9:12  Overlord, Hive  
  99  9:13  Overlord x2  
  99  9:14  Drone x5  
  99  9:17  Drone x3  
  107  9:37  Spine Crawler x2  
  102  9:39  Spore Crawler  
  102  9:40  Spine Crawler  
  102  9:42  Mutalisk x2  
  102  9:43  Mutalisk x6  
  102  9:44  Mutalisk x3  
  102  9:45  Mutalisk x7  
  124  9:52  Spore Crawler  
  135  9:53  Spore Crawler  
  135  9:55  Spine Crawler  
  131  10:00  Spine Crawler  
  131  10:06  Spine Crawler  
  129  10:08  Spine Crawler  
  129  10:09  Drone x2, Spine Crawler  
  129  10:10  Drone x5  
  129  10:11  Drone, Spine Crawler  
  131  10:21  Zerg Flyer Weapons Level 1  
  131  10:22  Spore Crawler  
  131  10:25  Spore Crawler  
  131  10:26  Spore Crawler  
  131  10:27  Overlord, Corruptor x2  
  113  10:41  Drone x5  
  113  10:42  Drone x4  
  122  10:44  Mutalisk x2  
  122  10:45  Mutalisk  
  118  11:04  Drone x2  
  118  11:05  Drone x2  
  114  11:12  Mutalisk x6  
  114  11:13  Mutalisk x2  
  114  11:15  Drone  
  90  11:51  Drone x3  
  90  11:52  Mutalisk x3  
  90  11:53  Corruptor x3  
  91  12:04  Drone  
  89  12:15  Hatchery, Corruptor x2  
  92  12:26  Hatchery  
  91  12:37  Hatchery  
  91  12:39  Viper  
  91  12:41  Corruptor  
  95  12:54  Mutalisk  
  92  13:17  Viper  
  95  13:21  Pneumatized Carapace  
  95  13:22  Overseer  
  83  14:01  Mutalisk  
  83  14:02  Mutalisk x3  
  75  14:14  Corruptor  
  71  14:23  Drone x3  
  71  14:24  Drone x3  
  59  14:58  Viper x2  
  59  14:59  Corruptor  
  63  15:04  Drone x3  
  63  15:05  Queen  
  69  15:17  Viper  
  69  15:18  Mutalisk  
  75  15:21  Drone  
  75  15:26  Extractor, Spore Crawler  
  75  15:27  Spore Crawler  
  72  15:29  Drone  
  72  15:30  Corruptor  
  75  15:37  Drone  
  76  15:50  Hatchery  
  76  15:52  Corruptor x3  
  81  16:07  Corruptor x2  
  85  16:12  Drone x2  
  85  16:13  Drone, Mutalisk  
  90  16:29  Hatchery  
  89  16:38  Overseer x2  
  89  16:42  Drone x2  
  90  16:52  Drone  
Show
View Real Time Build Order
Export as new Build Order

Massa Terran 

Build Orders: 2 Factory, Hellion Opening 

Get SALT Encoding   

  12  0:00  SCV  
  13  0:12  SCV  
  14  0:19  Supply Depot  
  14  0:24  SCV  
  15  0:41  SCV  
  15  0:42  Barracks  
  16  0:47  Refinery  
  16  0:53  SCV  
  17  0:57  Refinery  
  17  1:06  SCV  
  18  1:18  SCV  
  19  1:30  Marine  
  19  1:31  Supply Depot  
  20  1:39  Factory  
  20  1:41  SCV  
  21  1:58  Factory  
  21  2:07  Barracks Tech Lab  
  21  2:16  Orbital Command  
  21  2:25  Supply Depot  
  21  2:33  Hellion  
  21  2:34  Barracks Reactor, Infernal Pre-Igniter  
  23  2:42  SCV  
  24  2:49  Hellion  
  26  2:58  Hellion  
  28  3:20  Hellion  
  28  3:21  Hellion  
  28  3:22  Hellion  
  34  3:37  Command Center  
  32  3:42  Hellion x2  
  36  3:54  Hellion  
  38  4:08  Supply Depot  
  38  4:09  Supply Depot  
  38  4:11  SCV  
  39  4:24  Hellion  
  39  4:30  Hellion  
  35  4:46  Hellion  
  35  4:47  Hellion  
  35  4:51  Hellion  
  33  5:04  Orbital Command  
  33  5:06  SCV  
  34  5:08  Hellion x2  
  34  5:11  Engineering Bay  
  34  5:12  Hellion  
  40  5:16  Starport  
  40  5:18  SCV  
  40  5:19  Barracks Tech Lab  
  41  5:29  Hellion  
  41  5:30  Widow Mine, SCV  
  46  5:42  SCV  
  47  5:48  SCV  
  48  5:53  Starport Tech Lab  
  48  5:54  SCV  
  49  6:00  SCV  
  32  6:29  Siege Tank  
  32  6:30  Widow Mine x2  
  32  6:31  SCV  
  32  6:32  SCV, Banshee  
  41  6:36  Cloaking Field  
  44  6:40  Starport  
  44  6:41  Terran Infantry Weapons Level 1, Supply Depot  
  44  6:44  SCV x2  
  46  6:48  Refinery  
  46  6:50  Stimpack  
  46  6:51  Widow Mine x2, Refinery  
  50  6:56  SCV x2  
  52  7:08  SCV  
  53  7:12  Hellion  
  53  7:13  Hellion  
  57  7:34  Hellion x2  
  59  7:37  Siege Tank  
  59  7:39  Banshee  
  65  7:45  Starport Reactor  
  65  7:50  Barracks  
  65  7:51  SCV  
  65  7:52  SCV  
  65  7:53  Barracks  
  67  8:03  SCV  
  67  8:04  SCV  
  64  8:26  Raven  
  64  8:28  Viking x2  
  64  8:32  Missile Turret  
  68  8:47  Command Center  
  66  8:52  Missile Turret  
  66  8:53  Barracks Reactor, Barracks Tech Lab  
  66  8:55  Marauder  
  68  8:58  Viking  
  68  8:59  Command Center  
  70  9:06  SCV x2  
  72  9:13  Armory  
  72  9:16  Marine  
  73  9:18  SCV x2  
  75  9:28  Raven, Viking  
  78  9:32  SCV  
  78  9:33  Viking  
  73  9:40  Supply Depot x2  
  73  9:44  Widow Mine x2  
  77  9:50  Corvid Reactor  
  77  9:53  Widow Mine  
  77  9:56  Concussive Shells  
  77  10:01  Missile Turret  
  77  10:04  Missile Turret, Supply Depot  
  77  10:06  Widow Mine x2  
  81  10:07  Missile Turret, Supply Depot  
  81  10:09  Missile Turret  
  81  10:15  Raven  
  81  10:18  Viking  
  85  10:27  Orbital Command  
  85  10:28  Refinery  
  85  10:29  SCV x2  
  85  10:30  Supply Depot  
  85  10:34  Marine x2  
  85  10:35  Marine x2  
  91  10:38  Refinery  
  91  10:41  SCV x2  
  93  10:52  Marine x3  
  93  10:53  Marine  
  93  10:56  SCV x2  
  93  10:57  SCV  
  99  11:08  SCV  
  100  11:16  Raven  
  100  11:17  Viking x2  
  104  11:47  Viking x2  
  104  11:56  Marauder x2, Marine x2  
  104  11:57  Widow Mine x2  
  111  12:14  Marine x2  
  113  12:17  Marauder  
  113  12:18  Marauder  
  113  12:19  Widow Mine x2  
  118  12:33  Thor  
  124  12:38  Marauder  
  124  12:39  Marauder  
  124  12:40  Raven  
  124  12:41  Viking  
  132  12:46  Command Center  
  132  12:56  Terran Infantry Weapons Level 2  
  132  12:57  Supply Depot x2  
  132  13:00  Supply Depot  
  132  13:01  Supply Depot  
  132  13:02  Supply Depot  
  132  13:07  Marauder x2, Viking  
  132  13:18  Thor  
  132  13:23  Supply Depot  
  125  13:28  Engineering Bay  
  125  13:32  Marauder x2, Marine  
  125  13:33  Marine  
  106  13:47  Widow Mine x2  
  90  13:50  Marine  
  90  13:51  Marine  
  90  13:54  Marauder x2  
  96  14:01  Thor  
  101  14:08  Widow Mine, Marine x2  
  101  14:09  Widow Mine  
  99  14:14  Marine  
  99  14:15  Marine  
  96  14:26  Marine x2  
  96  14:30  Widow Mine x2  
  101  14:32  Marine x2  
  101  14:35  Raven  
  101  14:36  Viking x2  
  107  14:44  Siege Tank  
  109  14:50  SCV x2, Marine  
  109  14:51  SCV, Marauder  
  115  15:02  SCV  
  115  15:03  SCV x2  
  115  15:06  Viking  
  120  15:10  Planetary Fortress  
  118  15:14  SCV  
  118  15:15  SCV x2  
  118  15:18  Raven  
  121  15:26  SCV  
  121  15:27  SCV x2, Thor  
  132  15:28  Widow Mine  
  132  15:33  Marauder  
  134  15:38  SCV  
  134  15:39  SCV x2  
  134  15:41  Drilling Claws  
  134  15:42  Combat Shield  
  137  15:50  SCV  
  137  15:51  SCV  
  125  16:12  Raven  
  125  16:13  Viking x2  
  125  16:16  Missile Turret  
  86  16:27  Thor  
  86  16:28  Widow Mine x2  
  89  16:43  Viking  
  84  16:49  Widow Mine  
  71  17:03  Marine x4  
Show
View Real Time Build Order
Export as new Build Order

teryagov Terran - Winner!

Build Orders: Mech 

Get SALT Encoding   

  12  0:00  SCV  
  13  0:12  SCV  
  14  0:17  Supply Depot  
  14  0:24  SCV  
  15  0:39  SCV  
  15  0:42  Barracks  
  16  0:48  Refinery  
  16  0:51  SCV  
  17  1:03  SCV  
  18  1:15  SCV  
  19  1:27  SCV  
  21  1:42  Orbital Command, Reaper  
  21  1:48  Command Center  
  21  2:07  SCV  
  21  2:19  SCV, Marine  
  23  2:25  Refinery  
  23  2:31  Supply Depot  
  23  2:34  Factory  
  23  2:46  Barracks Reactor  
  23  2:53  SCV  
  24  3:01  Command Center, Supply Depot  
  24  3:05  SCV  
  25  3:09  Orbital Command  
  25  3:17  SCV  
  25  3:27  Factory Tech Lab  
  25  3:29  SCV  
  25  3:30  Marine x2  
  28  3:34  SCV  
  29  3:41  SCV  
  29  3:46  SCV  
  29  3:47  Siege Tank  
  34  3:53  SCV  
  34  3:55  Starport  
  35  3:58  SCV  
  36  4:10  SCV  
  36  4:13  Marine x2  
  36  4:15  Orbital Command, SCV  
  40  4:20  Siege Tank  
  40  4:22  SCV  
  43  4:27  SCV  
  41  4:34  SCV  
  41  4:35  Marine x2  
  42  4:38  Supply Depot  
  42  4:42  SCV x2  
  44  4:46  SCV  
  44  4:52  Siege Tank  
  48  4:54  SCV  
  48  4:57  SCV  
  48  4:58  SCV  
  51  5:06  SCV  
  52  5:09  SCV  
  52  5:12  Refinery, SCV  
  54  5:15  Refinery  
  54  5:18  SCV  
  55  5:21  SCV  
  55  5:24  SCV, Fusion Core  
  55  5:25  Armory  
  57  5:30  SCV  
  57  5:33  SCV  
  59  5:36  SCV  
  59  5:42  SCV  
  61  5:45  SCV  
  61  5:48  SCV  
  61  5:49  Bunker  
  63  5:54  SCV  
  63  5:57  Widow Mine x2, SCV  
  65  6:00  SCV  
  67  6:06  SCV  
  69  6:13  SCV  
  66  6:19  Widow Mine  
  66  6:24  Orbital Command  
  65  6:39  Barracks Tech Lab  
  65  6:40  SCV  
  65  6:41  Battlecruiser  
  65  6:44  Starport, Command Center  
  65  6:45  SCV  
  73  6:48  Command Center  
  73  6:50  SCV, Orbital Command  
  73  6:51  Terran Vehicle And Ship Armor Level 1  
  73  6:52  SCV  
  73  6:54  Armory  
  75  6:57  SCV  
  76  7:07  SCV  
  77  7:24  Supply Depot  
  77  7:31  SCV  
  77  7:41  Refinery x2  
  77  7:42  Starport Tech Lab  
  77  7:46  Widow Mine x2, SCV x3, Supply Depot x2  
  84  7:53  Battlecruiser  
  84  7:55  Factory x2, Battlecruiser  
  84  7:58  SCV x3  
  99  8:07  Widow Mine x2  
  99  8:10  SCV x2  
  99  8:11  Weapon Refit  
  105  8:22  SCV x2  
  107  8:29  Widow Mine x2  
  111  8:46  Factory Tech Lab, Factory Reactor  
  111  8:55  Engineering Bay  
  111  8:56  SCV  
  111  8:58  Supply Depot  
  111  8:59  SCV, Command Center  
  111  9:00  Terran Vehicle And Ship Armor Level 2, Terran Ship Weapons Level 1  
  119  9:02  Battlecruiser  
  119  9:14  Widow Mine x2  
  123  9:40  Widow Mine, Battlecruiser  
  123  9:41  Widow Mine x4  
  139  10:02  Widow Mine x2  
  143  10:13  Missile Turret  
  143  10:15  Missile Turret  
  143  10:17  Missile Turret  
  143  10:32  Refinery, Planetary Fortress  
  143  10:34  Refinery, SCV x3  
  146  10:40  Command Center  
  146  10:46  SCV x2  
  146  10:48  Drilling Claws  
  150  10:50  Widow Mine x5  
  150  10:51  SCV  
  150  10:53  Supply Depot  
  150  10:55  Supply Depot  
  150  10:56  Missile Turret  
  157  10:59  SCV  
  157  11:03  SCV x2  
  158  11:11  SCV, Orbital Command  
  159  11:12  SCV  
  159  11:15  SCV x2  
  162  11:23  SCV  
  162  11:24  SCV  
  164  11:27  SCV x2  
  158  11:45  Battlecruiser x2  
  158  11:46  Widow Mine x5  
  150  12:16  SCV  
  150  12:21  Widow Mine x5  
  155  12:29  SCV x2  
  157  12:33  Orbital Command  
  157  12:34  SCV  
  157  12:36  SCV  
  159  12:40  Missile Turret x2  
  159  12:41  Missile Turret  
  159  12:42  Widow Mine x2  
  159  12:43  Widow Mine, Orbital Command  
  165  12:44  SCV  
  166  12:53  Battlecruiser x2  
  166  12:54  Widow Mine x2  
  182  13:04  Widow Mine  
  184  13:12  Command Center  
  152  13:57  Battlecruiser  
  140  14:09  Battlecruiser  
  140  14:10  Widow Mine x5  
  140  14:15  Starport  
  146  14:18  Starport  
  146  14:31  Widow Mine x2  
  146  14:38  Terran Vehicle And Ship Armor Level 3, Terran Ship Weapons Level 2  
  127  14:55  Widow Mine  
  127  14:56  Widow Mine x2  
  127  15:01  Battlecruiser  
  127  15:04  SCV  
  127  15:07  Starport Tech Lab x2  
  134  15:13  Battlecruiser  
  140  15:15  Orbital Command  
  140  15:25  Refinery  
  140  15:27  Refinery  
  138  15:32  Missile Turret  
  138  15:33  Missile Turret  
  138  15:34  Missile Turret  
  138  15:41  Battlecruiser  
  150  15:43  Widow Mine x2, Battlecruiser  
  150  15:44  Widow Mine x2  
  158  15:52  Widow Mine  
  158  15:54  Missile Turret  
  153  16:05  Widow Mine x2  
  153  16:06  Battlecruiser  
  153  16:34  Widow Mine x5  
  177  16:55  Widow Mine  
  177  16:56  Widow Mine x4  
Show
View Real Time Build Order
Export as new Build Order

Zilord Zerg - Winner!

Build Orders: Hatch First 

Get SALT Encoding   

  12  0:02  Drone  
  13  0:12  Overlord  
  13  0:18  Drone  
  14  0:30  Drone x2  
  16  0:51  Hatchery  
  16  0:54  Drone  
  16  0:58  Drone  
  17  1:06  Drone  
  18  1:12  Extractor  
  17  1:20  Spawning Pool  
  17  1:23  Drone x2  
  18  1:30  Drone  
  19  1:42  Drone  
  20  1:51  Overlord  
  20  2:12  Queen x2  
  20  2:13  Zergling x6  
  27  2:16  Metabolic Boost  
  27  2:21  Drone  
  28  2:27  Drone x2  
  30  2:42  Baneling Nest  
  29  2:44  Drone  
  29  2:45  Drone  
  29  2:48  Hatchery  
  30  2:53  Overlord  
  30  3:02  Drone x3  
  33  3:11  Drone x2  
  35  3:27  Drone  
  35  3:28  Drone x3, Overlord  
  35  3:29  Overlord  
  35  3:30  Drone x2  
  38  3:50  Zergling x6  
  38  3:53  Drone  
  38  3:54  Drone x3  
  47  3:59  Drone  
  47  4:02  Pneumatized Carapace  
  46  4:06  Queen  
  48  4:11  Drone, Roach Warren  
  46  4:21  Zergling x4  
  46  4:22  Zergling x6  
  49  4:27  Zergling x6  
  42  4:58  Drone x12  
  51  5:11  Drone x3  
  54  5:15  Queen  
  54  5:20  Baneling x4  
  56  5:24  Drone  
  56  5:25  Overlord x2  
  56  5:27  Lair  
  57  5:30  Extractor  
  57  5:33  Drone x2  
  57  5:34  Drone  
  57  5:47  Zergling x14  
  62  6:00  Roach x3  
  66  6:10  Roach x3  
  66  6:11  Roach  
  70  6:31  Roach  
  70  6:32  Overlord x2  
  72  6:40  Drone  
  72  6:43  Extractor  
  72  6:44  Drone  
  72  6:45  Overlord x3  
  73  6:49  Glial Reconstitution  
  73  6:50  Queen  
  75  7:04  Hatchery  
  74  7:12  Drone x8  
  74  7:13  Overlord x2  
  79  7:35  Drone x6  
  85  7:37  Extractor  
  85  7:38  Extractor  
  85  7:40  Spire  
  85  7:42  Evolution Chamber  
  85  7:43  Drone, Evolution Chamber  
  85  7:44  Drone x2  
  80  7:45  Drone x2  
  80  7:46  Extractor, Drone x2  
  80  7:48  Drone x3  
  86  7:51  Spine Crawler  
  86  7:52  Spore Crawler  
  86  7:55  Drone  
  85  8:01  Drone  
  85  8:03  Hatchery  
  85  8:04  Overseer  
  85  8:11  Overseer  
  87  8:20  Roach x9  
  103  8:32  Zerg Missile Weapons Level 1, Zerg Ground Armor Level 1  
  105  8:41  Roach x8  
  105  8:42  Roach x2  
  123  8:50  Spore Crawler x2  
  123  8:53  Zerg Flyer Weapons Level 1  
  121  8:58  Overseer x2  
  121  9:10  Zergling x18  
  121  9:14  Hatchery  
  121  9:17  Tunneling Claws  
  129  9:19  Drone x2  
  129  9:21  Overlord x2  
  130  9:39  Overseer  
  128  9:50  Roach x4  
  128  9:51  Roach x7  
  128  9:52  Overlord x2  
  150  9:53  Overlord  
  150  10:13  Mutalisk x7  
  160  10:30  Mutalisk x3  
  158  10:49  Mutalisk  
  152  10:50  Mutalisk x2  
  136  11:19  Mutalisk  
  136  11:20  Mutalisk x4  
  146  11:37  Mutalisk x3  
  148  11:47  Roach x8  
  134  12:01  Zerg Flyer Weapons Level 2  
  132  12:10  Drone  
  132  12:11  Drone x8, Overlord x3  
  141  12:20  Mutalisk x3  
  143  12:23  Lair  
  143  12:24  Spore Crawler  
  143  12:26  Spore Crawler  
  143  12:27  Drone x4, Spore Crawler  
  138  12:35  Mutalisk x2  
  134  12:46  Drone  
  134  12:47  Drone x3, Extractor  
  134  12:48  Drone x4, Extractor  
  140  12:54  Mutalisk x3  
  139  13:13  Zergling x14  
  139  13:14  Zergling x2  
  139  13:18  Mutalisk x4  
  145  13:50  Mutalisk x7  
  117  14:19  Mutalisk x6  
  127  14:29  Mutalisk x2  
  131  14:32  Hatchery  
  131  14:37  Drone x3, Overlord  
  131  14:38  Mutalisk x2, Overlord  
  133  14:44  Hatchery  
  136  14:55  Zerg Flyer Armor Level 1  
  136  14:59  Centrifical Hooks, Infestation Pit  
  135  15:01  Zergling x14  
  135  15:02  Zergling x12  
  148  15:15  Hatchery, Mutalisk x4  
  148  15:18  Zergling x2  
  148  15:19  Zergling x2  
  157  15:28  Overseer  
  157  15:31  Overseer x2  
  157  15:34  Mutalisk x3  
  163  15:38  Drone x6  
  169  16:03  Zergling x2  
  169  16:04  Zergling x26  
  176  16:06  Baneling x3  
  176  16:07  Baneling x3  
  176  16:09  Mutalisk x4  
  176  16:10  Mutalisk  
  180  16:31  Mutalisk  
  180  16:32  Mutalisk x4  
  185  16:38  Zergling x20  
  199  16:40  Overlord x2  
  199  16:54  Overlord x2  
  199  16:57  Spore Crawler  
  199  16:58  Spore Crawler  
  197  17:01  Spore Crawler  
Tags
 
Add a new tag
Caveats
  • Supply blocks, unpowered buildings, or Contaminate may cause inaccurate times.
  • Supply counts are checked every 10 seconds.